 Dungeon Crawl Stone Soup version 0.29.1-12-g30fa7ad0bf (webtiles) character file.

Game seed: 13869958465983654624

186 Hercules1031 the Sneak (level 5, 0/26 HPs)
             Began as a Spriggan Brigand on Dec 15, 2022.
             Slain by a bullfrog (7 damage)
             ... in a sewer.
             The game lasted 00:09:49 (3502 turns).

Hercules1031 the Sneak (Spriggan Brigand)           Turns: 3502, Time: 00:09:50

Health: 0/26       AC:  3    Str:  7    XL:     5   Next: 38%
Magic:  6/6        EV: 18    Int: 13    God:
Gold:   119        SH:  0    Dex: 18    Spells: 4/4 levels left

rFire   . . .      SeeInvis +   a - +2 dagger
rCold   . . .      Faith    .   (no shield)
rNeg    + . .      Spirit   .   b - +0 robe
rPois   .          Reflect  .   (helmet restricted)
rElec   .          Harm     .   c - +0 cloak
rCorr   .          Rampage  .   (gloves unavailable)
Will    .....                   (boots unavailable)
Stlth   ++........              (no amulet)
HPRegen 0.08/turn               q - ring of positive energy
MPRegen 0.10/turn               (no ring)

@: slow
A: very small, no large weapons, unfitting armour, see invisible, speed 3
a: no special abilities


You were in a sewer.
You visited 1 branch of the dungeon, and saw 3 of its levels.
You also visited: Sewer.

You collected 119 gold pieces.

Inventory:

Hand Weapons
 a - a +2 dagger (weapon)
 g - a +0 vampiric dagger
 t - a +0 dagger of venom
Missiles
 d - 17 poisoned darts (quivered)
 e - 3 curare-tipped darts
Armour
 b - a +0 robe (worn)
 c - a +0 cloak (worn)
Jewellery
 q - a ring of positive energy (left hand)
Scrolls
 f - 3 scrolls of identify
 m - a scroll of enchant weapon {unknown}
 n - a scroll of amnesia
 o - a scroll of vulnerability {unknown}
 s - a scroll of silence {unknown}
Potions
 h - a potion of lignification {unknown}
 i - 2 potions of resistance {unknown}
 j - 2 potions of heal wounds
 k - 2 potions of invisibility {unknown}
 p - a potion of mutation {unknown}
 r - a potion of berserk rage {unknown}


   Skills:
 + Level 2.2 Fighting
 + Level 3.2 Short Blades
 - Level 3.0 Throwing
 * Level 3.4 Dodging
 + Level 7.3 Stealth


You had 4 spell levels left.
You didn't know any spells.
Your spell library contained the following spells:

 Spells                   Type           Power      Damage    Failure   Level
 Frozen Ramparts          Ice            0%         1d1       67%         3
 Ice Form                 Ice/Tmut       0%         N/A       97%         4
 Summon Ice Beast         Ice/Summ       0%         N/A       97%         4


Dungeon Overview and Level Annotations

Branches:
Dungeon (3/15)              Sewer (1/1)

Altars:


Innate Abilities, Weirdness & Mutations

You are very small and have problems with some larger weapons.
You are too small for most types of armour.
You have supernaturally acute eyesight. (SInv)
You cover ground extremely quickly. (Speed+++)


Message History

The bullfrog gives a loud, deep croak!
The bullfrog completely misses you.
You barely miss the bullfrog. The bullfrog barely misses you.
Your unstable footing causes you to fumble your attack.
The bullfrog misses you.
Your unstable footing causes you to fumble your attack.
The bullfrog barely misses you.
You hit the bullfrog.
The bullfrog is lightly wounded.
The bullfrog barely misses you. The bullfrog misses you.
You closely miss the bullfrog.
The bullfrog is lightly wounded.
The bullfrog closely misses you.
Your unstable footing causes you to fumble your attack.
The bullfrog closely misses you.
Your unstable footing causes you to fumble your attack.
The bullfrog misses you.
You closely miss the bullfrog.
The bullfrog is lightly wounded.
The bullfrog completely misses you. The bullfrog hits you.
You hit the bullfrog but do no damage.
The bullfrog is lightly wounded.
The bullfrog hits you.
You hit the bullfrog.
The bullfrog is lightly wounded.
The bullfrog hits you.
You hit the bullfrog.
The bullfrog is moderately wounded.
The bullfrog hits you.
You hit the bullfrog.
The bullfrog is moderately wounded.
The bullfrog hits you!
* * * LOW HITPOINT WARNING * * *
The bullfrog closely misses you.
Your unstable footing causes you to fumble your attack.
The bullfrog closely misses you.
You hit the bullfrog.
The bullfrog is moderately wounded.
The bullfrog hits you!
You die...

#∩##~.~~~#####.~~.~##
~~#~.~~###~.~###~.~~#
##.~#~~~##~~~~~.~##~~~#
#..##.~##~.~~~.~~~##.~##
#∩.#.~~#~~.†~~.~~~~#~~.#
#..#~~##~~.#####~~~##~~#
##.##~~#~.~##≈≈≈##~~~#~~##
#.~#~~~#..##≈≈F≈≈##~~#...#
#†~#~###~~#≈≈~@~≈≈#~~##~~#
#~~#.#.~~##≈~~~.≈≈##.~#.~#
#~~#~#∩~~#≈~~.~..≈≈#~~#.~#
#~~#~#~÷~#≈~~~...≈≈#~~#~~#
#~.#~##÷÷#~~~~.:~.≈#~~#~~#
#~.#~.#~÷#~~~~|!.~≈#~~#.~#
#~~#~~#†.#~~~$)$.~≈#~.#~÷#
#~.~~.#..##~.~?.~≈##~~#÷~#
#~~~~~#..÷~.~..~~≈#~~##~~#


You could see a bullfrog.

Vanquished Creatures
  A bullfrog (Sewer)
  4 adders
  2 worms
  A dart slug (D:3)
  14 ball pythons
  13 endoplasms
  4 goblins
  A hobgoblin (D:1)
  10 jackals
  2 kobolds (D:1)
  11 quokkas
  A bat (D:1)
  5 frilled lizards
  2 rats
71 creatures vanquished.

Notes
Turn   | Place    | Note
-------+----------+-------------------------------------------
     0 | D:1      | Hercules1031 the Spriggan Brigand began the quest for the
                  | Orb.
     0 | D:1      | Reached XP level 1. HP: 10/10 MP: 2/2
    63 | D:1      | Reached skill level 6 in Stealth
   220 | D:1      | Reached XP level 2. HP: 14/15 MP: 3/3
   239 | D:1      | You fall into a shaft and drop 1 floor!
   923 | D:1      | Reached XP level 3. HP: 18/18 MP: 4/4
  1946 | D:2      | Found a faded altar of an unknown god.
  2144 | D:3      | Found a glowing drain.
  2170 | Sewer    | Entered a sewer
  2175 | Sewer    | Reached skill level 7 in Stealth
  2175 | Sewer    | Reached XP level 4. HP: 23/23 MP: 5/5
  3193 | Sewer    | Noticed a bullfrog
  3480 | Sewer    | Noticed a bullfrog
  3484 | Sewer    | Killed a bullfrog
  3485 | Sewer    | Reached XP level 5. HP: 26/26 MP: 6/6
  3502 | Sewer    | Slain by a bullfrog

Illustrated notes

Levels and vault maps discovered:
D:1:      dpeg_arrival_rooms_b, layout_loops_ring
D:2:      layout_rooms, basic_ecumenical_altar, roderic_roman_lattice,
          amcnicky_mini_rare_corridor_liquid, minmay_between
D:3:      layout_rooms, portal_sewer_entry_f
Sewer:    sewer_frog_island_02

Skill      XL: |  1  2  3  4 |
---------------+-------------+-----
Stealth        | 6 7 |  7.3
Dodging        | 2 3 |  3.4
Fighting       | 2 |  2.2
Short Blades   | 3 |  3.2
Throwing       | 3 |  3.0

Action                   |  1- 3 |  4- 6 || total
-------------------------+-------+-------++-------
Melee: Dagger            |   148 |   175 ||   323
Throw: Dart              |     7 |     8 ||    15
  Use: Scroll            |     5 |       ||     5
       Potion            |     1 |       ||     1
 Stab: Sleeping          |    11 |     1 ||    12
Armor: Robe              |    20 |    21 ||    41
Dodge: Dodged            |   131 |   185 ||   316
